Map: Deathaura LE

Players

A.I. 1 (Very Hard)

  • Race: Zerg Zerg
  • Spawn Location: 5:00

Drift - Winner!

  • Race: Terran Terran
  • League: Master
  • Spawn Location: 11:00

VOD

https://www.youtube.com/watch?v=R8IEcjAIJ34&t=22s

Description

A strong way of playing an economic style of TvZ in todays meta

Time

  • Played on: Feb. 27, 2021, 5:16 p.m.
  • Length: 11:21
Show
View Real Time Build Order
Export as new Build Order

A.I. 1 (Very Hard) Zerg 

Build Orders: Pool First 

Get SALT Encoding   

  12  0:00  Drone  
  13  0:12  Overlord  
  13  0:16  Drone  
  14  0:30  Drone x2  
  14  0:34  Drone  
  17  0:48  Drone, Spawning Pool  
  17  1:09  Hatchery  
  16  1:13  Drone  
  16  1:16  Extractor  
  16  1:18  Drone  
  17  1:22  Extractor  
  17  1:24  Drone  
  17  1:28  Drone  
  18  1:38  Drone  
  19  1:49  Overlord  
  19  1:54  Queen  
  19  2:00  Zergling x2  
  22  2:10  Drone  
  22  2:21  Drone  
  23  2:25  Queen  
  25  2:31  Drone  
  25  2:35  Drone  
  26  2:39  Zergling x2  
  26  2:43  Drone  
  28  2:47  Drone  
  29  3:01  Drone, Roach Warren  
  29  3:05  Drone  
  29  3:09  Zergling x2  
  29  3:11  Zergling x2  
  32  3:17  Overlord  
  32  3:21  Drone  
  32  3:24  Drone  
  34  3:41  Roach  
  34  3:42  Roach x2  
  34  3:43  Roach  
  42  3:49  Lair  
  42  3:54  Overlord  
  42  3:58  Overlord  
  42  4:01  Zergling x2  
  43  4:04  Zergling x2  
  44  4:12  Drone x2, Zergling x2  
  44  4:13  Drone  
  44  4:16  Drone  
  49  4:18  Drone  
  49  4:23  Overlord  
  50  4:27  Roach  
  50  4:30  Roach  
  54  4:34  Roach  
  54  4:37  Roach  
  58  4:41  Overlord  
  58  4:46  Drone  
  58  4:49  Drone  
  58  4:50  Hydralisk Den  
  58  4:51  Drone  
  60  4:54  Roach  
  60  4:57  Roach  
  64  5:01  Overlord  
  64  5:07  Drone  
  64  5:08  Drone  
  64  5:10  Drone  
  64  5:13  Drone  
  68  5:15  Drone  
  68  5:17  Drone  
  68  5:18  Drone  
  68  5:19  Hydralisk  
  73  5:26  Hydralisk  
  73  5:27  Overlord, Drone  
  76  5:29  Drone  
  76  5:31  Drone  
  78  5:39  Drone  
  78  5:40  Drone  
  78  5:41  Infestation Pit  
  78  5:42  Drone  
  80  5:44  Drone  
  80  5:45  Ravager x2  
  80  5:48  Overlord  
  83  5:50  Roach  
  83  5:53  Roach  
  83  5:55  Hydralisk  
  89  6:03  Metabolic Boost  
  89  6:06  Roach, Hydralisk  
  89  6:07  Overlord  
  89  6:09  Roach  
  95  6:12  Roach  
  95  6:16  Evolution Chamber, Infestor  
  99  6:18  Drone  
  99  6:25  Overlord  
  99  6:28  Extractor  
  99  6:29  Drone  
  99  6:34  Infestor  
  99  6:35  Extractor  
  100  6:40  Evolution Chamber  
  100  6:41  Drone  
  100  6:43  Zerg Melee Weapons Level 1  
  100  6:45  Evolution Chamber  
  99  6:49  Spine Crawler  
  99  6:50  Drone x4  
  102  6:57  Overlord, Drone x3  
  102  7:00  Infestor  
  107  7:11  Overseer, Spine Crawler, Drone  
  107  7:18  Infestor  
  109  7:28  Zerg Missile Weapons Level 1  
  109  7:38  Hatchery  
  109  7:39  Drone  
  109  7:42  Zerg Ground Armor Level 1  
  109  7:46  Overlord, Hydralisk  
  109  7:49  Spore Crawler  
  109  7:50  Drone  
  109  7:51  Hydralisk, Spore Crawler  
  111  7:52  Drone  
  113  8:06  Lurker Den  
  113  8:11  Spine Crawler  
  109  8:21  Zergling x2  
  109  8:24  Roach  
  109  8:26  Roach  
  112  8:35  Queen  
  112  8:39  Queen  
  112  8:40  Overlord, Zergling x6  
  119  8:49  Spine Crawler, Zergling x2  
  119  8:51  Drone x2, Zergling x2  
  119  8:52  Drone x3  
  119  8:53  Ravager, Drone x4  
  119  8:54  Drone x4  
  119  8:55  Drone, Zergling x6  
  133  8:56  Extractor  
  133  9:01  Drone  
  133  9:02  Roach  
  90  9:05  Roach  
  90  9:08  Lurker  
  93  9:11  Roach  
  93  9:12  Hive  
  93  9:13  Roach  
  93  9:16  Roach  
  99  9:21  Hydralisk  
  99  9:22  Drone x3  
  99  9:23  Drone x3  
  107  9:24  Drone  
  107  9:28  Drone  
  107  9:30  Overseer  
  109  9:32  Infestor  
  109  9:35  Roach  
  111  9:39  Roach  
  111  9:40  Extractor  
  111  9:43  Zergling x2  
  96  9:46  Zergling x2  
  96  9:50  Roach x2, Hydralisk, Drone  
  96  9:51  Roach, Zergling x2  
  88  9:54  Zergling x2  
  88  9:57  Roach  
  87  10:00  Hydralisk  
  87  10:05  Drone  
  70  10:08  Drone  
  70  10:11  Drone  
  70  10:13  Roach, Baneling Nest, Zergling x2  
  70  10:14  Drone  
  67  10:16  Zergling x2  
  67  10:18  Drone  
  67  10:19  Drone, Zergling x2, Infestor  
  67  10:20  Roach  
  64  10:22  Drone  
  64  10:26  Overseer  
  32  10:39  Zergling x2  
Show
View Real Time Build Order
Export as new Build Order

Drift Terran - Winner!

Build Orders: Reaper Expand, Hellion Banshee 

Get SALT Encoding   

  12  0:00  SCV  
  13  0:12  SCV  
  14  0:17  Supply Depot  
  14  0:24  SCV  
  15  0:38  SCV  
  15  0:40  Barracks  
  16  0:43  Refinery  
  16  0:50  SCV  
  17  1:02  SCV  
  18  1:15  SCV  
  19  1:27  Reaper  
  19  1:28  Orbital Command  
  20  1:39  Command Center  
  20  1:48  Supply Depot  
  20  1:53  SCV  
  21  1:59  Marine  
  22  2:06  SCV  
  23  2:08  Factory  
  23  2:18  SCV  
  23  2:21  Barracks Reactor  
  24  2:30  SCV  
  25  2:42  SCV  
  26  2:46  Command Center  
  26  2:52  Orbital Command  
  26  2:57  SCV  
  27  3:02  Starport  
  27  3:09  SCV  
  27  3:10  Refinery  
  28  3:14  Hellion  
  28  3:15  Hellion  
  28  3:17  SCV  
  33  3:20  Barracks Tech Lab  
  33  3:22  SCV  
  34  3:29  SCV  
  34  3:34  SCV  
  36  3:36  Hellion x2  
  41  3:41  SCV  
  41  3:46  SCV  
  42  3:50  Banshee  
  42  3:53  SCV  
  46  3:58  SCV  
  46  3:59  Cloaking Field, Orbital Command  
  47  4:03  Hellion x2  
  47  4:05  SCV  
  52  4:10  Supply Depot  
  52  4:11  Barracks Tech Lab  
  52  4:12  SCV  
  53  4:18  SCV  
  54  4:24  SCV  
  54  4:25  SCV  
  54  4:29  Barracks  
  54  4:30  SCV  
  57  4:33  Banshee  
  57  4:34  Barracks  
  57  4:36  SCV  
  57  4:37  SCV  
  62  4:38  Factory Reactor  
  62  4:39  Supply Depot  
  62  4:42  SCV  
  63  4:48  SCV  
  63  4:49  Engineering Bay  
  63  4:50  Engineering Bay  
  63  4:51  Refinery, SCV  
  65  4:53  Stimpack  
  65  4:56  SCV  
  65  4:59  Refinery  
  66  5:00  Orbital Command, SCV  
  66  5:01  Supply Depot  
  66  5:06  Supply Depot  
  68  5:09  SCV  
  68  5:12  SCV  
  69  5:21  Terran Infantry Weapons Level 1, SCV  
  69  5:23  Terran Infantry Armor Level 1  
  69  5:24  Barracks x2  
  69  5:25  SCV  
  71  5:31  SCV  
  71  5:32  Marine x3  
  71  5:34  Starport Reactor  
  75  5:39  SCV  
  75  5:40  Marine  
  75  5:41  Siege Tank  
  80  5:46  Supply Depot  
  80  5:47  SCV  
  80  5:48  Supply Depot  
  80  5:49  Marine, SCV  
  82  5:52  SCV  
  82  5:53  Marine x2  
  82  5:54  Marine  
  87  5:58  Marine  
  87  5:59  Refinery, SCV  
  87  6:01  SCV  
  87  6:02  Refinery  
  87  6:04  SCV  
  91  6:07  Armory, Marine  
  91  6:10  Marine, Supply Depot  
  94  6:11  Supply Depot, Marine, SCV  
  94  6:13  SCV  
  94  6:14  Marine  
  94  6:16  SCV  
  94  6:17  Siege Tank  
  103  6:18  Marine  
  103  6:23  SCV, Medivac  
  103  6:24  Medivac  
  109  6:28  Marine, SCV  
  109  6:29  Barracks Reactor x2  
  109  6:32  SCV  
  110  6:34  Combat Shield, Marine x3  
  110  6:35  SCV  
  114  6:41  Supply Depot x2, Marine  
  114  6:45  SCV x2  
  117  6:48  Marine  
  117  6:50  Siege Tank  
  117  6:52  Marine  
  122  6:54  Medivac  
  124  7:02  Marine x2, Medivac  
  124  7:04  Supply Depot x2  
  124  7:06  Marine x6  
  134  7:11  SCV  
  134  7:12  SCV x2  
  134  7:13  Factory  
  137  7:17  Terran Infantry Weapons Level 2, Command Center  
  137  7:23  Terran Infantry Armor Level 2  
  137  7:24  SCV x3  
  137  7:25  Marine  
  137  7:26  Marine  
  137  7:27  Marine  
  137  7:28  Marine  
  144  7:30  Marine x2  
  144  7:31  Marine  
  144  7:34  Marine x2  
  144  7:36  Terran Vehicle And Ship Armor Level 1, SCV  
  144  7:37  SCV  
  151  7:40  Siege Tank  
  151  7:43  Marine  
  155  7:46  Marine  
  155  7:47  Marine  
  157  7:52  Supply Depot  
  157  7:54  Supply Depot  
  157  7:56  Marine x4, Medivac x2  
  165  7:59  Factory Tech Lab  
  165  8:03  Barracks  
  165  8:06  Barracks  
  165  8:07  Barracks  
  165  8:13  Marine x5  
  165  8:14  Siege Tank  
  165  8:15  Marine  
  172  8:22  Marine  
  172  8:23  Siege Tank  
  176  8:27  Marine, Supply Depot  
  176  8:28  Supply Depot  
  176  8:29  Marine, Medivac x2  
  182  8:35  Marine x4  
  186  8:45  Marine x3  
  186  8:46  Marine  
  186  8:47  Marauder, Siege Tank  
  195  8:55  Siege Tank  
  195  8:58  Marine  
  195  8:59  Marine x2  
  195  9:01  Barracks Tech Lab x3  
  195  9:02  Marine  
  194  9:03  Refinery, Medivac x2  
  194  9:09  Marauder, Marine  
  199  9:10  Refinery  
  199  9:14  Marine  
  200  9:31  Factory  
  200  9:33  Starport  
  200  9:34  Ghost Academy  
  194  9:43  Marine  
  195  9:46  Command Center  
  195  9:50  Siege Tank, Marine  
  195  9:52  Concussive Shells  
  199  10:00  Planetary Fortress  
  199  10:01  Sensor Tower, Command Center  
  199  10:17  Factory Reactor  
  199  10:19  Starport Reactor  
  198  10:26  Marine, Medivac  
  199  10:32  Command Center  
  198  10:36  Command Center  
  198  10:49  Marine  
  196  10:50  Marine x3  
  200  11:09  Command Center  
Tags
 
Add a new tag
Caveats
  • Supply blocks, unpowered buildings, or Contaminate may cause inaccurate times.
  • Supply counts are checked every 10 seconds.